 Dungeon Crawl Stone Soup version 0.23.2-33-g5129a83 (webtiles) character file.

Game seed: 11182015419012634195

238 thomd the Cleaver (level 6, -2/51 HPs)
             Began as a Hill Orc Fighter on July 31, 2019.
             Succumbed to Sigmund's poison
             ... on level 4 of the Dungeon.
             The game lasted 00:04:10 (2695 turns).

thomd the Cleaver (Hill Orc Fighter)                Turns: 2695, Time: 00:04:10

Health: -2/51      AC:  8    Str: 19    XL:     6   Next: 7%
Magic:  6/6        EV:  7    Int: 10    God:
Gold:   145        SH:  9    Dex: 10    Spells: 5/5 levels left

rFire    . . .     SeeInvis .   a - +1 war axe
rCold    . . .     Gourm    .   c - +0 shield
rNeg     . . .     Faith    .   b - +0 scale mail
rPois    .         Spirit   .   (no helmet)
rElec    .         Reflect  .   (no cloak)
rCorr    .         Harm     .   j - +0 pair of gloves
MR       .....                  (no boots)
Stlth    ..........             (no amulet)
HPRegen  0.17/turn              (no ring)
MPRegen  0.10/turn              (no ring)

@: lethally poisoned (-2 -> -45)
A: no striking features
a: no special abilities


You were on level 4 of the Dungeon.
You were hungry.

You visited 1 branch of the dungeon, and saw 4 of its levels.

You collected 145 gold pieces.

Inventory:

Hand Weapons
 a - a +1 war axe (weapon)
Armour
 b - a +0 scale mail (worn)
 c - a +0 shield (worn)
 j - a +0 pair of gloves (worn)
Scrolls
 g - a scroll of noise
 h - a scroll of magic mapping
 i - a scroll of teleportation {unknown}
 m - a scroll of remove curse
 o - a scroll of enchant weapon
Potions
 d - a potion of might
 e - a potion of flight
 k - 3 potions of curing
 l - a potion of agility {unknown}
 p - a potion of ambrosia {unknown}
Comestibles
 f - 8 rations


   Skills:
 - Level 3.6 Fighting
 + Level 8.1 Axes
 - Level 3.2 Armour
 - Level 3.2 Shields


You had 5 spell levels left.
You didn't know any spells.
Your spell library was empty.

Dungeon Overview and Level Annotations

Branches:
Dungeon (4/15)
 Temple: D:4-7

Altars:
Hepliaklqana
Sif Muna
Uskayaw
Vehumet

Annotations:
D:4 Sigmund


Message History

You feel less confused.
You feel sick. Something hits you!
You are lethally poisoned!
You feel sick. Something hits you but does no damage.
You see here a mace.
You miss something.
* * * LOW HITPOINT WARNING * * *
You feel very sick.
You slash something!
* * * LOW HITPOINT WARNING * * *
You feel sick. Something hits you!
* * * LOW HITPOINT WARNING * * *
You are more poisoned.
You barely miss something.
* * * LOW HITPOINT WARNING * * *
You feel very sick. Something hits you but does no damage.
You are more poisoned.
You hit something.
You die...

#....### #.....
.......#########
.....#......).#
#
...######.....#
.# ..## ###...#
#.# #.# #...#
#..# #.# #...#
#..# #)#
#...###{.# #.#
#...(.@# #.##
#.....## #..#
#......# ##.#
#..####..# #.#
.## ##.# #.# #
### ###


There were no monsters in sight!

Vanquished Creatures
  Jessica (D:2)
  A worker ant (D:4)
  Natasha (thrice) (D:2)
  3 gnolls (D:3)
  2 adders (D:2)
  A worm (D:3)
  A dart slug (D:1)
  3 leopard geckos
  An orc (D:4)
  5 bats
  2 giant cockroaches
  7 goblins
  10 hobgoblins
  A ball python (D:2)
  A frilled lizard (D:2)
  9 kobolds
  A leopard gecko skeleton (D:4)
  11 rats
63 creatures vanquished.

Notes
Turn   | Place    | Note
-------+----------+-------------------------------------------
     0 | D:1      | thomd the Hill Orc Fighter began the quest for the Orb.
     0 | D:1      | Reached XP level 1. HP: 19/19 MP: 1/1
    23 | D:1      | Reached skill level 3 in Axes
    52 | D:1      | Reached XP level 2. HP: 21/26 MP: 2/2
   114 | D:1      | Reached skill level 4 in Axes
   343 | D:1      | Reached XP level 3. HP: 30/31 MP: 3/3
   805 | D:2      | Noticed Natasha
   813 | D:2      | Killed Natasha
   813 | D:2      | Reached skill level 5 in Axes
   813 | D:2      | Reached XP level 4. HP: 20/39 MP: 4/4
  1078 | D:2      | Noticed Natasha
  1082 | D:2      | Killed Natasha
  1082 | D:2      | Reached skill level 6 in Axes
  1174 | D:2      | Noticed Jessica
  1184 | D:2      | Killed Jessica
  1184 | D:2      | Reached XP level 5. HP: 30/45 MP: 5/5
  1439 | D:2      | Noticed Natasha
  1444 | D:2      | Killed Natasha
  1444 | D:2      | Reached skill level 7 in Axes
  1670 | D:2      | Found a radiant altar of Vehumet.
  1967 | D:3      | Found a hide-covered altar of Uskayaw.
  2340 | D:3      | Found a deep blue altar of Sif Muna.
  2340 | D:3      | Found a hazy altar of Hepliaklqana.
  2594 | D:4      | Reached skill level 8 in Axes
  2594 | D:4      | Reached XP level 6. HP: 51/51 MP: 6/6
  2673 | D:4      | Noticed Sigmund
  2694 | D:4      | HP: 2/51 [poisoned by Sigmund]
  2695 | D:4      | Succumbed to Sigmund's poison

Skill      XL: |  1  2  3  4  5 |
---------------+----------------+-----
Axes           | 3 4 5 6 8 |  8.1
Fighting       | |  3.6
Armour         | |  3.2
Shields        | |  3.2

Action                   |  1- 3 |  4- 6 || total
-------------------------+-------+-------++-------
Melee: War axe           |    83 |    93 ||   176
  Use: Scroll            |     3 |     4 ||     7
  Eat: Chunk             |       |     5 ||     5
Armor: Scale mail        |    35 |    36 ||    71
Dodge: Dodged            |    30 |    25 ||    55
Block: Shield            |    51 |    31 ||    82
